 Dungeon Crawl Stone Soup version 0.31-a0-965-g8a8ce12e04 (webtiles) character file.

Game seed: 12227993130162498733

36 Maxmaps the Sneak (level 3, 0/26 HPs)
             Began as an Octopode Monk on Oct 26, 2023.
             Slain by a hobgoblin (6 damage)
             ... led by Robin
             ... on level 2 of the Dungeon.
             The game lasted 00:00:45 (711 turns).

Maxmaps the Sneak (Octopode Monk)                    Turns: 711, Time: 00:00:46

Health: 0/26       AC:  1    Str: 10    XL:     3   Next: 37%
Magic:  3/3        EV: 14    Int: 14    God:
Gold:   32         SH:  0    Dex: 14    Spells: 2/2 levels left

rFire   . .          .
                       - Unarmed
rCold   . . .        (no shield)
rNeg    . . .        (helmet restricted)
rPois   .            (no amulet)
rElec   .            (no ring)
rCorr   .            (no ring)
SInv    .            (no ring)
Will    .....        (no ring)
Stlth   ++++         (no ring)
HPRegen 0.24/turn    (no ring)
MPRegen 0.08/turn    (no ring)
                     (no ring)

%: no passive effects
@: no status effects
A: almost no armour, amphibious, 8 rings, camouflage 1, gelatinous body 1,
(nimble swimmer 1), tentacles
a: no special abilities


You were on level 2 of the Dungeon.
You visited 1 branch of the dungeon, and saw 2 of its levels.

You collected 32 gold pieces.

Inventory:

Armour
 b - an orb of light
Scrolls
 c - 2 scrolls of enchant weapon {unknown}
 d - 2 scrolls of identify {unknown}
 e - a scroll of immolation {unknown}
Potions
 a - a potion of ambrosia
 f - 2 potions of heal wounds {unknown}


   Skills:
 - Level 3.0 Fighting
 - Level 3.0 Dodging
 + Level 4.3 Stealth
 - Level 3.0 Unarmed Combat


You had 2 spell levels left.
You didn't know any spells.
Your spell library contained the following spells:

 Spells                   Type           Power      Damage    Failure   Level
 Foxfire                  Conj/Fire      0%         2x1d4     28%         1
 Plasma Beam              Fire/Air       0%         2x1d10    100%        6
 Starburst                Conj/Fire      0%         6d3       100%        6


Dungeon Overview and Level Annotations

Branches:
Dungeon (2/15)

Altars:

Annotations:
D:2 Robin


Innate Abilities, Weirdness & Mutations

You cannot wear most types of armour.
You are amphibious.
You can wear up to eight rings at the same time.
Your skin changes colour to match your surroundings (Stealth+).
Your rubbery body absorbs attacks. (AC +1, EV +1)
((You are camouflaged when in or above water. (Stealth+)))
You have tentacles for arms and can constrict up to eight enemies at once.


Message History

The adder bites you.
You are poisoned.
The adder poisons you! The adder bites you.
You closely miss the adder. Your grab misses the adder. You squeeze the adder.
The adder is heavily wounded.
You feel sick. The adder closely misses you.
An endoplasm comes into view.
The endoplasm quivers.
You tentacle-slap the adder. Your grab misses the adder. You squeeze the adder.
You kill the adder!
You feel sick.
Your Stealth skill increases to level 4!
Unknown command.
Robin, 2 goblins and a hobgoblin come into view.
Found a scroll labelled CARUMN MAINADO.
You feel sick.
The goblin shouts!
You hear a shout!
A goblin comes into view. It is wielding a +0 club.
A goblin comes into view. It is wielding a +0 dagger.
A goblin comes into view. It is wielding a +0 club.
A goblin comes into view. It is wielding a +0 dagger.
The goblin unwields a +0 dagger.
The goblin wields a +0 sling.
The goblin shoots a sling bullet.
The sling bullet closely misses you.
The goblin moves out of view.
You see here an adder corpse.
You feel sick.
You are no longer poisoned.
The hobgoblin attacks as it pursues you!
The hobgoblin hits you.
Found a scroll labelled QEZATA SEISM.
Robin roars a battlecry!
The goblins go into a battle-frenzy!
The hobgoblin attacks as it pursues you!
The hobgoblin hits you.
* * * LOW HITPOINT WARNING * * *
You hear a shout! x2
A dart slug comes into view.
Found a ring mail.
The hobgoblin attacks as it pursues you!
The hobgoblin hits you.
You die...

#####...# ##......# #.#
#....w.# ##......###
..##..#...# ##........#
.........#
........#.####........#
##......#...^.........#
......................#
##..................##### #
...........)....@.....?.#.#.
......##.........g..###[...
#..#.....>.........# ..#.#
...............g##..J...
........)..#..##.gJ.#
.........###†.####..#
.........# #..#


gg... ........# #..# ?#g##.# ....... #..# g#.g# You could see Robin, a dart slug
(asleep), an endoplasm, 2 hobgoblins and 3 goblins.

Vanquished Creatures
  An adder (D:2)
  2 ball pythons
  2 endoplasms (D:1)
  6 goblins
  2 hobgoblins
  3 jackals (D:1)
  4 bats
  3 frilled lizards (D:1)
  A rat (D:2)
24 creatures vanquished.

Notes
Turn   | Place    | Note
-------+----------+-------------------------------------------
     0 | D:1      | Maxmaps the Octopode Monk began the quest for the Orb.
     0 | D:1      | Reached XP level 1. HP: 16/16 MP: 1/1
    48 | D:1      | Reached skill level 1 in Stealth
   163 | D:1      | Reached skill level 2 in Stealth
   182 | D:1      | Reached XP level 2. HP: 18/21 MP: 2/2
   351 | D:1      | Reached skill level 3 in Stealth
   671 | D:2      | Reached XP level 3. HP: 26/26 MP: 3/3
   707 | D:2      | Reached skill level 4 in Stealth
   707 | D:2      | Noticed Robin
   711 | D:2      | Slain by a hobgoblin

Illustrated notes

Levels and vault maps discovered:
D:1:      eino_arrival_water_cross, layout_rooms, serial_bayou,
          serial_bayou_ford_a, serial_bayou_pond_a, serial_bayou_lagoon_b,
          serial_bayou_pond_a, dreamdust_princess_corridor
D:2:      layout_rooms, basic_altar, uniq_robin

Skill      XL: |  1  2  3 |
---------------+----------+-----
Stealth        | 2 3 4 |  4.3
Fighting       | |  3.0
Dodging        | |  3.0
Unarmed Combat | |  3.0

Action                     || total
---------------------------++-------
  Melee: Unarmed           ||    48
         Constrict         ||     7
         Tentacles         ||    10
   Stab: Sleeping          ||     8
 Armour: Skin              ||    21
  Dodge: Dodged            ||    19

Table legend: (Time is in decaauts)
 A = Elapsed time spent in this place.
 B = Non-inter-level travel time spent in this place.
 C = Inter-level travel time spent in this place.
 D = Time resting spent in this place.
 E = Time spent auto-exploring this place.
 F = Levels seen in this place.
 G = Mean time per level.
                   A        B        C        D        E       F      G
               +--------+--------+--------+--------+--------+-----+--------+
         Total |    708 |    705 |      3 |      0 |    554 |   2 |  354.0 |
       Dungeon |    708 |    705 |      3 |      0 |    554 |   2 |  354.0 |
               +--------+--------+--------+--------+--------+-----+--------+

Top non-repeatable levels by time:
     D:1: 613 daAuts
     D:2: 94 daAuts
